 Dungeon Crawl Stone Soup version 0.30-a0-165-g1891117ce2 (webtiles) character file.

Game seed: 1294307550970236899

317 qw the Chopper (level 6, -2/39 HPs)
             Began as a Gargoyle Fighter on Sept 28, 2022.
             Slain by a gnoll bouda
             ... wielding a +0 whip
              (5 damage)
             ... on level 4 of the Dungeon.
             The game lasted 00:01:29 (4063 turns).

qw the Chopper (Gargoyle Fighter)                   Turns: 4063, Time: 00:01:29

Health: -2/39      AC: 13    Str: 21    XL:     6   Next: 44%
Magic:  6/6        EV:  7    Int:  9    God:
Gold:   260        SH:  4    Dex:  9    Spells: 5/5 levels left

rFire   . . .      SeeInvis .    Y - +0 war axe
rCold   . . .      Faith    .    c - +0 buckler
rNeg    + . .      Spirit   .    e - +0 chain mail
rPois   inf        Reflect  .    (no helmet)
rElec   +          Harm     .    (no cloak)
rCorr   .          Rampage  .    (no gloves)
Will    .....                    (no boots)
Stlth   ..........               (no amulet)
HPRegen 0.13/turn                (no ring)
MPRegen 0.10/turn                (no ring)

@: weakened
A: sickness immunity, AC +4, negative energy resistance 1, electricity
resistance, torment resistance 1, petrification resistance
a: no special abilities


You were on level 4 of the Dungeon.
You visited 2 branches of the dungeon, and saw 5 of its levels.

You collected 260 gold pieces.


Innate Abilities, Weirdness & Mutations

You are immune to sickness and miasma.
Your stone body is resilient. (AC +4)
You are immune to poison.
You resist negative energy. (rN+)
You are resistant to electric shocks. (rElec)
You are resistant to unholy torment.
You are immune to petrification.


   Skills:
 - Level 4.7 Fighting
 + Level 5.3 Axes
 - Level 3.2 Armour
 - Level 3.2 Shields


You had 5 spell levels left.
You didn't know any spells.
Your spell library was empty.

Inventory:

Hand Weapons
 b - a +0 flail
 Y - a +0 war axe (weapon)
Armour
 c - a +0 buckler (worn)
 e - a +0 chain mail (worn)
Scrolls
 l - a scroll of identify
Potions
 d - a potion of might
 f - a potion of attraction
 h - a potion of mutation {unknown}
 i - a potion of haste {unknown}
 j - a potion of curing {unknown}
 k - a potion of heal wounds {unknown}
 m - a potion of resistance {unknown}
 o - a potion of cancellation {unknown}
 q - a potion of invisibility {unknown}
 r - a potion of degeneration {unknown}

Dungeon Overview and Level Annotations

Branches:
Dungeon (4/15)             Temple (1/1) D:4

Altars:
Ashenzari
Cheibriados
Dithmenos
Elyvilon
Fedhas
Hepliaklqana
Makhleb
Nemelex Xobeh
Qazlal
Ru
Trog
Uskayaw
Vehumet
Wu Jian
Yredelemnul
Zin
The Shining One

Shops:
D:2 =


Message History

The gnoll barely misses you.
The gnoll bouda hits you but does no damage.
The gnoll hits you from afar with a +0 spear.
You slash the gnoll bouda!
The gnoll bouda is almost dead.
The gnoll hits you but does no damage.
The gnoll hits you from afar with a +0 spear.
The gnoll bouda hits you but does no damage.
The gnoll barely misses you.
The gnoll hits you from afar with a +0 spear.
The gnoll bouda utters an invocation to its god.
The gnoll bouda is healed somewhat.
You hit the gnoll bouda.
The gnoll bouda is almost dead.
The gnoll hits you but does no damage. The gnoll bouda closely misses you.
The gnoll hits you from afar with a +0 spear!
You closely miss the gnoll bouda.
The gnoll bouda is almost dead.
The gnoll hits you from afar with a +0 spear.
The gnoll hits you but does no damage. You block the gnoll bouda's attack.
You barely miss the gnoll bouda.
The gnoll bouda is almost dead.
Your attacks no longer feel as feeble.
The gnoll hits you from afar with a +0 spear.
The gnoll hits you but does no damage.
The gnoll bouda hits you but does no damage.
You block the gnoll's attack. The gnoll hits you but does no damage.
The gnoll bouda mumbles some strange prayers to its god.
The gnoll bouda is healed somewhat.
You barely miss the gnoll bouda.
The gnoll bouda is heavily wounded.
The gnoll hits you but does no damage. The gnoll bouda barely misses you.
The gnoll hits you but does no damage.
You closely miss the gnoll bouda.
The gnoll bouda is heavily wounded.
The gnoll hits you but does no damage. The gnoll barely misses you.
The gnoll bouda gazes fiercely through you!
You feel your attacks grow feeble.
The gnoll bouda hits you with a +0 whip.
You die...

.................#
.................#
...###'####......#
...#......#......#
...#......#......#
...#......#......#
...#......#......#
...#......#......#
...#.....)#.....@#
...#....#.......g)>.....
####....#########gg.....
#........# .......
#........# .......
#........# .......
#........# #######
#........#
#.......##########


You could see a gnoll bouda and 2 gnolls.

Vanquished Creatures
  A black bear (D:4)
  A scorpion (D:3)
  6 adders
  A gnoll (D:4)
  A dart slug (D:3)
  8 orcs
  8 endoplasms
  A giant cockroach (D:2)
  6 goblins
  11 hobgoblins
  9 jackals
  7 quokkas
  8 ball pythons
  6 bats
  A frilled lizard (D:2)
  3 kobolds
  6 rats
84 creatures vanquished.

Notes
Turn   | Place    | Note
-------+----------+-------------------------------------------
     0 | D:1      | qw the Gargoyle Fighter began the quest for the Orb.
     0 | D:1      | Reached XP level 1. HP: 14/14 MP: 1/1
     0 | D:1      | 0 ||| qw: Version: 0.2-a-12-gaebbb33
     0 | D:1      | 0 ||| qw: Game counter: 835
     0 | D:1      | 0 ||| qw: Always use a shield: true
     0 | D:1      | 0 ||| qw: God list: Okawaru
     0 | D:1      | 0 ||| qw: Allow faded altars: false
     0 | D:1      | 0 ||| qw: Do Orc after D:15 true
     0 | D:1      | 0 ||| qw: Do second Lair branch before Depths: true
     0 | D:1      | 0 ||| qw: Lair rune preference: random
     0 | D:1      | 0 ||| qw: Plans: Normal, Zot:1-4, God:TSO, Crypt, Tomb,
                  | Pan, Slime:5, Hells, Abyss, Orb
     0 | D:1      | 0 ||| PLANNING D:1-11
   105 | D:1      | Reached skill level 2 in Axes
   225 | D:1      | Reached XP level 2. HP: 19/19 MP: 2/2
   327 | D:1      | 327 ||| DROPPING +0 club.
   663 | D:1      | Found a faded altar of an unknown god.
   915 | D:1      | 915 ||| READING 3 scrolls labelled FUWNOE TIDAT.
   920 | D:1      | 920 ||| READING scroll labelled IZYAKH SAXIG.
   921 | D:1      | 921 ||| READING scroll labelled PORISTROLEICLE.
   967 | D:2      | Reached skill level 3 in Axes
  1040 | D:2      | Reached XP level 3. HP: 20/23 MP: 3/3
  1081 | D:2      | Found Kaufis's Jewellery Boutique.
  1093 | D:2      | 1093 ||| SHOPLISTING +6 ring of dexterity (468 gold, have
                  | 81).
  1093 | D:2      | 1093 ||| SHOPLISTING ring "Cevon" {*Corrode rF+ rN++ Str+6
                  | Slay+3} (877 gold, have 81).
  1093 | D:2      | 1093 ||| SHOPLISTING ring of willpower (325 gold, have 81).
  1221 | D:2      | 1221 ||| Stepping ~*~*~tactically~*~*~ (stealth).
  1222 | D:2      | 1222 ||| Stepping ~*~*~tactically~*~*~ (stealth).
  1223 | D:2      | 1223 ||| Stepping ~*~*~tactically~*~*~ (stealth).
  1699 | D:2      | 1699 ||| READING scroll labelled ITYADGH LUISH.
  1700 | D:2      | 1700 ||| READING scroll labelled NIUHISK BEGEOH.
  1725 | D:3      | 1725 ||| STAIRDANCE
  1750 | D:2      | 1750 ||| UPGRADING to +0 chain mail.
  1760 | D:2      | 1760 ||| DROPPING +0 scale mail.
  1764 | D:3      | 1764 ||| STAIRDANCE
  1774 | D:2      | Reached XP level 4. HP: 20/28 MP: 4/4
  1856 | D:3      | 1856 ||| STAIRDANCE
  1931 | D:2      | 1931 ||| DROPPING +0 mace.
  1954 | D:3      | Reached skill level 4 in Axes
  2091 | D:3      | 2091 ||| Stepping ~*~*~tactically~*~*~ (hiding).
  2511 | D:3      | Identified the +7 dagger of the Shore {drain, *Rage rElec
                  | MP+9 Int+3}
  2537 | D:3      | 2537 ||| Stepping ~*~*~tactically~*~*~ (stealth).
  2680 | D:3      | Noticed a scorpion
  2687 | D:3      | Reached XP level 5. HP: 31/32 MP: 5/5
  2691 | D:3      | Reached skill level 5 in Axes
  3026 | D:3      | 3026 ||| READING scroll labelled YTUS WEMMEK.
  3027 | D:3      | 3027 ||| READING 3 scrolls labelled SAUVUANNUO.
  3028 | D:3      | 3028 ||| READING 2 scrolls of identify.
  3028 | D:3      | 3028 ||| IDENTIFYING fizzy white potion
  3029 | D:3      | 3029 ||| DROPPING 2 scrolls of blinking.
  3104 | D:4      | 3104 ||| Stepping ~*~*~tactically~*~*~ (stealth).
  3152 | D:4      | Noticed a black bear
  3157 | D:4      | 3157 ||| Stepping ~*~*~tactically~*~*~ (stealth).
  3159 | D:4      | HP: 7/32 [black bear (3)]
  3160 | D:4      | 3160 ||| READING 2 scrolls of teleportation.
  3161 | D:4      | Killed a black bear
  3162 | D:4      | Reached XP level 6. HP: 9/39 MP: 6/6
  3417 | D:4      | 3417 ||| READING 2 scrolls of identify.
  3417 | D:4      | 3417 ||| IDENTIFYING coppery potion
  3418 | D:4      | 3418 ||| DROPPING potion of ambrosia.
  3419 | D:4      | 3419 ||| READING scroll of teleportation.
  3446 | D:4      | Found a staircase to the Ecumenical Temple.
  3447 | D:4      | 3447 ||| PLANNING TEMPLE
  3451 | Temple   | Entered the Ecumenical Temple
  3455 | Temple   | 3455 ||| PLANNING D:1-11
  3952 | D:4      | 3952 ||| Stepping randomly (stuck).
  3953 | D:4      | 3953 ||| Stepping randomly (stuck).
  3954 | D:4      | 3954 ||| Stepping randomly (stuck).
  3955 | D:4      | 3955 ||| Stepping randomly (stuck).
  3956 | D:4      | 3956 ||| Stepping randomly (stuck).
  3957 | D:4      | 3957 ||| Stepping randomly (stuck).
  3958 | D:4      | 3958 ||| Stepping randomly (stuck).
  3959 | D:4      | 3959 ||| Stepping randomly (stuck).
  3960 | D:4      | 3960 ||| Stepping randomly (stuck).
  3961 | D:4      | 3961 ||| Stepping randomly (stuck).
  4046 | D:4      | 4046 ||| Stepping ~*~*~tactically~*~*~ (hiding).
  4047 | D:4      | 4047 ||| Stepping ~*~*~tactically~*~*~ (hiding).
  4059 | D:4      | HP: 7/39 [gnoll/+0 spear[a gnoll bouda] (7)]
  4061 | D:4      | HP: 3/39 [gnoll/+0 spear[a gnoll bouda] (2)]
  4063 | D:4      | Slain by a gnoll bouda

Levels and vault maps discovered:
D:1:      minmay_arrival_open_corners, layout_basic,
          chequers_ecumenical_altar_island, kennysheep_flooded_box
D:2:      layout_basic, serial_shops, shop, hangedman_decor_push
D:3:      minmay_chambers_of_threes, layout_basic
D:4:      layout_gridville, minmay_temple_entry_steel_oval, chequers_arboretum,
          kennysheep_diamond
Temple:   sentei_temple_godly_chess

Skill      XL: |  1  2  3  4  5 |
---------------+----------------+-----
Axes           | 2 3 4 5 |  5.3
Fighting       | 4 |  4.7
Armour         | |  3.2
Shields        | |  3.2

Action                   |  1- 3 |  4- 6 || total
-------------------------+-------+-------++-------
Melee: War axe           |   122 |   156 ||   278
  Use: Scroll            |     5 |     6 ||    11
Armor: Scale mail        |    63 |       ||    63
       Chain mail        |     8 |   120 ||   128
Dodge: Dodged            |    60 |    65 ||   125
Block: Buckler           |    19 |    35 ||    54

Table legend:
 A = Non-vault XP
 B = Vault XP
 C = Vault XP percentage of total XP
 D = Non-vault monster count
 E = Vault monster count
 F = Vault count percentage of total count
                 A         B        C        D         E       F
            +---------+---------+-------+---------+---------+-------
      Total |     352 |     101 |  22.3 |      71 |      13 |  15.5
            +---------+---------+-------+---------+---------+-------
        D:1 |      26 |       0 |   0.0 |      15 |       0 |   0.0
        D:2 |      63 |       0 |   0.0 |      21 |       0 |   0.0
        D:3 |      65 |      99 |  60.4 |      17 |      12 |  41.4
        D:4 |     198 |       2 |   1.0 |      18 |       1 |   5.3
            +---------+---------+-------+---------+---------+-------
